 Dungeon Crawl Stone Soup version 0.28.0 (webtiles) character file.

Game seed: 5087109285995437451

10 GrayStillPlays the Skirmisher (level 2, 17/24 HPs)
             Began as a Demonspawn Fighter on Feb 13, 2022.
             Quit the game on level 1 of the Dungeon.
             The game lasted 00:00:24 (126 turns).

GrayStillPlays the Skirmisher (Demonspawn Fighter)   Turns: 126, Time: 00:00:24

Health: 17/24      AC:  6    Str: 16    XL:     2   Next: 10%
Magic:  2/2        EV:  8    Int:  9    God:
Gold:   0          SH:  4    Dex: 12    Spells: 1/1 levels left

rFire   . . .      SeeInvis .   a - +0 war axe {axe}
rCold   . . .      Faith    .   c - +0 buckler
rNeg    . . .      Spirit   .   b - +0 scale mail
rPois   .          Reflect  .   (no helmet)
rElec   .          Harm     .   (no cloak)
rCorr   .          Rampage  .   (no gloves)
Will    .....                   (no boots)
Stlth   ..........              (no amulet)
HPRegen 0.08/turn               (no ring)
MPRegen 0.08/turn               (no ring)

@: no status effects
A: demonic magic 1
a: no special abilities


You were on level 1 of the Dungeon.
You visited 1 branch of the dungeon, and saw 1 of its levels.


Innate Abilities, Weirdness & Mutations

Spells you cast may paralyse adjacent enemies.


   Skills:
 + Level 3.1 Fighting
 + Level 2.0 Axes
 + Level 2.8 Armour
 + Level 2.8 Shields


You had one spell level left.
You didn't know any spells.
Your spell library was empty.

Inventory:

Hand Weapons
 a - a +0 war axe (weapon) {axe}
Missiles
 f - 6 stones (quivered) {throwing}
Armour
 b - a +0 scale mail (worn)
 c - a +0 buckler (worn)
Scrolls
 g - a scroll of vulnerability {unknown}
Potions
 d - a potion of might
 e - a potion of haste {unknown}

Dungeon Overview and Level Annotations

Branches:
Dungeon (1/15)

Altars:

#.# #.# #######.#
#.......# #
#.####..######.#.##
# #.#
#............# #
#.# #.####.####.. #
#.# #.# #)# #
####.# #.# #@# #
#....# #.# #.#
###.#### #.# ...
.....# #.. .....
###..# ## ##...## #
#..# ...## ###..##
#### .......
#.#.#.#


There were no monsters in sight!


Message History

You block the goblin's attack. 😕 HP[-2]
You take 2 damage, and now have 15/18 hp.
You slash the goblin!
You kill the goblin! 😕 HP[+1] No target in view!
Key pressed, stopping explore.
No target in view!
e - a fuming sapphire potion 😎 HP[+2]
Your hp is fully restored (18).
No target in view!
f - 5 stones {throwing} You see here a +0 whip {mace}.
Things that are here:
a +0 club {mace}; a goblin corpse A rat comes into view.
A rat is nearby!
You hit the rat.
You kill the rat!
No target in view!
No target in view!
g - a scroll labelled GATITHRETUOQ
Found an escape hatch in the floor.
A rat comes into view.
A rat is nearby!
A rat is nearby!
You hit the rat but do no damage. The rat barely misses you.
You hit the rat.
You kill the rat!
No target in view!
No target in view!
No target in view!
Found an escape hatch in the floor.
A rat comes into view.
A rat is nearby!
A rat is nearby!
A rat is nearby!
A rat is nearby!
The rat bites you but does no damage.
You slash the rat!
You kill the rat!
No target in view!
No target in view!
You see here a rat corpse.
Key pressed, stopping explore.
A kobold comes into view. It is wielding a +0 dagger.
The kobold shouts!
A bat comes into view.
There are monsters nearby!
There are monsters nearby!
There are monsters nearby!
An endoplasm comes into view.
The bat hits you but does no damage. The bat barely misses you.
You hit the bat but do no damage. The bat hits you but does no damage.
You closely miss the bat. You block the bat's attack.
A quokka comes into view.
You hit the bat. The bat hits you but does no damage.
The bat barely misses you. The bat closely misses you.
You miss the bat. The bat barely misses you.
The bat hits you but does no damage. The bat barely misses you.
You hit the bat.
You kill the bat!
The kobold hits you but does no damage.
You closely miss the kobold. The kobold hits you but does no damage.
You hit the kobold.
You kill the kobold!
You hit the endoplasm.
The endoplasm jiggles.
The endoplasm freezes you.
You are frozen. 😕 HP[-2]
You take 2 damage, and now have 16/18 hp.
You slash the endoplasm!
You kill the endoplasm!
The quokka bites you.
Your Axes skill increases to level 2!
You have reached level 2!
Your demonic ancestry asserts itself...
A menacing aura infuses your magic. 😮 HP[+1] MP[+1]
You now have 24 max hp (+6).
Your mp is fully restored (2).
You are too injured to fight recklessly!
You are too injured to fight recklessly!
You are too injured to fight recklessly!
You are too injured to fight recklessly!
You are too injured to fight recklessly!
You are too injured to fight recklessly!
You miss the quokka. The quokka barely misses you.
You miss the quokka. The quokka barely misses you.
The quokka bites you but does no damage.
You hit the quokka. The quokka barely misses you.
You block the quokka's attack.
You hit the quokka.
You kill the quokka!
f - 6 stones {throwing} (gained 1)
Things that are here:
a +0 dagger {short}; a kobold corpse; a bat corpse Are you sure you want to abandon this character and quit the game? (Confirm with "yes".)

Skill      XL: |  1 |
---------------+----+-----
Axes           | 2 |  2.0
Fighting       | |  3.1
Armour         | |  2.8
Shields        | |  2.8

Action                   || total
-------------------------++-------
Melee: War axe           ||    25
Armor: Scale mail        ||    14
Dodge: Dodged            ||    12
Block: Buckler           ||     3

Levels and vault maps discovered:
D:1:      onia_arrival_handbag, layout_loops_ring

Notes
Turn   | Place    | Note
-------+----------+-------------------------------------------
     0 | D:1      | GrayStillPlays the Demonspawn Fighter began the quest for
                  | the Orb.
     0 | D:1      | Reached XP level 1. HP: 18/18 MP: 1/1
     0 | D:1      | magus.rc [v1.9.6]
   119 | D:1      | Reached skill level 2 in Axes
   119 | D:1      | Gained mutation: Spells you cast may paralyse adjacent
                  | enemies. [demonic ancestry]
   119 | D:1      | Reached XP level 2. HP: 17/24 MP: 2/2
   126 | D:1      | Quit the game

Vanquished Creatures
  A bat (D:1)
  An endoplasm (D:1)
  A goblin (D:1)
  2 kobolds (D:1)
  A quokka (D:1)
  4 rats (D:1)
10 creatures vanquished.

Table legend:
 A = Non-vault XP
 B = Vault XP
 C = Vault XP percentage of total XP
 D = Non-vault monster count
 E = Vault monster count
 F = Vault count percentage of total count
                 A         B        C        D         E       F
            +---------+---------+-------+---------+---------+-------
      Total |      12 |       3 |  20.0 |       7 |       3 |  30.0
            +---------+---------+-------+---------+---------+-------
        D:1 |      12 |       3 |  20.0 |       7 |       3 |  30.0
            +---------+---------+-------+---------+---------+-------

Illustrated notes

Table legend:
 A = Kills in this place as a percentage of kills in entire the game.
 B = Kills by you in this place as a percentage of kills by you in the entire game.
 C = Kills by friends in this place as a percentage of kills by friends in the entire game.
 D = Other kills in this place as a percentage of other kills in the entire game.
 E = Experience gained in this place as a percentage of experience gained in the entire game.
 F = Experience gained in this place divided by the number of levels of this place that you have seen.
                   A       B       C       D       E      F
               +-------+-------+-------+-------+-------+----------------------
         Total | 100.0 | 100.0 |   N/A |   N/A | 100.0 |  15.0
       Dungeon | 100.0 | 100.0 |   N/A |   N/A | 100.0 |  15.0
               +-------+-------+-------+-------+-------+----------------------

Table legend: (Time is in decaauts)
 A = Elapsed time spent in this place.
 B = Non-inter-level travel time spent in this place.
 C = Inter-level travel time spent in this place.
 D = Time resting spent in this place.
 E = Time spent auto-exploring this place.
 F = Levels seen in this place.
 G = Mean time per level.
                   A        B        C        D        E       F      G
               +--------+--------+--------+--------+--------+-----+--------+
         Total |    137 |    137 |      0 |      0 |     78 |   1 |  137.0 |
       Dungeon |    137 |    137 |      0 |      0 |     78 |   1 |  137.0 |
               +--------+--------+--------+--------+--------+-----+--------+

Top non-repeatable levels by time:
     D:1: 137 daAuts
